Map: Deathaura LE

Players

A.I. 1 (Very Easy) - Winner!

  • Race: Protoss Protoss
  • Spawn Location: 5:00

Larry

  • Race: Protoss Protoss
  • League: Grandmaster
  • Spawn Location: 11:00

VOD

Have the link to the VOD?

Description

Time

  • Played on: Dec. 29, 2020, 3:28 p.m.
  • Length: 6:04
Show
View Real Time Build Order
Export as new Build Order

A.I. 1 (Very Easy) Protoss - Winner!

Build Orders: 1 Gate Expand, Nexus First 

Get SALT Encoding   

  6  0:00  Probe  
  13  0:13  Probe  
  14  0:20  Pylon  
  14  0:43  Gateway  
  14  1:00  Nexus  
  14  1:20  Pylon  
  14  1:21  Zealot  
  14  1:23  Assimilator  
  16  1:37  Probe, Cybernetics Core  
  17  1:50  Probe  
  18  2:00  Probe, Assimilator  
  18  2:07  Stalker  
  18  2:08  Probe  
  22  2:17  Probe  
  22  2:22  Probe  
  23  2:27  Warp Gate  
  24  2:31  Probe  
  25  2:38  Probe  
  26  2:54  Probe  
  26  2:56  Assimilator  
  26  2:58  Pylon  
  27  3:01  Probe  
  27  3:05  Probe  
  29  3:14  Robotics Facility  
  29  3:15  Probe  
  29  3:18  Probe  
  30  3:24  Zealot  
  33  3:30  Probe  
  33  3:33  Probe  
  35  3:44  Probe  
  36  3:51  Probe  
  37  3:58  Probe  
  38  4:03  Observer  
  38  4:05  Probe  
  38  4:09  Probe  
  40  4:12  Assimilator  
  41  4:20  Probe  
  41  4:23  Probe  
  42  4:24  Observer  
  44  4:33  Sentry  
  44  4:34  Probe  
  44  4:38  Pylon  
  47  4:41  Probe  
  48  4:48  Probe  
  49  4:55  Probe  
Show
View Real Time Build Order
Export as new Build Order

Larry Protoss 

Build Orders: Nexus First 

Get SALT Encoding   

  6  0:00  Probe  
  13  0:12  Probe  
  14  0:17  Pylon  
  14  0:24  Probe (Chrono Boost)  
  16  0:37  Probe (Chrono Boost)  
  16  0:43  Probe (Chrono Boost)  
  17  0:51  Probe  
  18  0:59  Nexus  
  18  1:03  Probe (Chrono Boost)  
  19  1:13  Pylon  
  19  1:14  Probe (Chrono Boost)  
  20  1:19  Probe (Chrono Boost)  
  21  1:30  Probe  
  22  1:40  Nexus  
  22  1:43  Probe  
  23  1:55  Probe  
  24  2:07  Probe (Chrono Boost)  
  25  2:12  Probe (Chrono Boost)  
  26  2:18  Probe (Chrono Boost), Nexus  
  26  2:20  Probe (Chrono Boost)  
  28  2:23  Probe (Chrono Boost)  
  28  2:25  Probe (Chrono Boost)  
  30  2:33  Probe  
  31  2:37  Probe  
  32  2:44  Nexus  
  32  2:48  Probe (Chrono Boost)  
  34  2:52  Probe (Chrono Boost)  
  34  2:54  Probe (Chrono Boost)  
  36  3:01  Probe (Chrono Boost)  
  36  3:02  Probe (Chrono Boost)  
  36  3:04  Probe (Chrono Boost)  
  38  3:09  Nexus  
  38  3:10  Probe (Chrono Boost)  
  38  3:11  Probe (Chrono Boost)  
  40  3:13  Probe (Chrono Boost)  
  43  3:21  Probe (Chrono Boost)  
  43  3:23  Probe x2 (Chrono Boost)  
  44  3:27  Probe (Chrono Boost)  
  44  3:31  Probe (Chrono Boost), Nexus  
  44  3:33  Probe (Chrono Boost)  
  48  3:35  Probe (Chrono Boost)  
  51  3:42  Probe x2 (Chrono Boost)  
  51  3:43  Probe (Chrono Boost)  
  51  3:45  Probe (Chrono Boost)  
  51  3:47  Probe (Chrono Boost)  
  52  3:48  Probe  
  52  3:52  Probe (Chrono Boost)  
  52  3:53  Gateway  
  52  3:54  Gateway  
  52  3:55  Gateway  
  56  3:56  Probe x2 (Chrono Boost)  
  59  4:03  Probe (Chrono Boost)  
  59  4:05  Probe (Chrono Boost)  
  59  4:08  Probe (Chrono Boost)  
  62  4:10  Probe (Chrono Boost)  
  62  4:12  Probe (Chrono Boost)  
  62  4:15  Probe (Chrono Boost)  
  62  4:16  Probe (Chrono Boost)  
  66  4:17  Probe x2 (Chrono Boost)  
  66  4:19  Gateway  
  66  4:20  Gateway  
  66  4:21  Gateway  
  66  4:22  Gateway  
  66  4:23  Probe (Chrono Boost)  
  70  4:24  Probe (Chrono Boost)  
  70  4:27  Probe (Chrono Boost)  
  70  4:28  Probe (Chrono Boost)  
  70  4:29  Probe (Chrono Boost)  
  70  4:31  Probe (Chrono Boost)  
  74  4:32  Probe x2 (Chrono Boost)  
  74  4:33  Pylon  
  74  4:36  Probe (Chrono Boost)  
  74  4:37  Probe (Chrono Boost)  
  79  4:40  Probe (Chrono Boost), Zealot  
  79  4:41  Probe (Chrono Boost), Zealot x2  
  79  4:42  Probe (Chrono Boost)  
  79  4:43  Probe (Chrono Boost)  
  79  4:45  Probe (Chrono Boost), Gateway x2  
  88  4:46  Gateway  
  88  4:48  Probe (Chrono Boost)  
  88  4:50  Probe (Chrono Boost)  
  88  4:51  Probe (Chrono Boost)  
  94  4:53  Probe (Chrono Boost)  
  94  4:54  Probe (Chrono Boost), Pylon  
  94  4:55  Probe x2 (Chrono Boost), Pylon x2  
  94  4:58  Probe (Chrono Boost)  
  98  5:00  Probe (Chrono Boost)  
  98  5:03  Probe x2 (Chrono Boost)  
  98  5:05  Probe (Chrono Boost)  
  98  5:06  Zealot  
  98  5:07  Probe (Chrono Boost), Zealot x2  
  107  5:08  Probe (Chrono Boost), Zealot x2  
  107  5:09  Zealot x2  
  107  5:10  Probe (Chrono Boost)  
  107  5:11  Probe x2 (Chrono Boost)  
  107  5:13  Probe (Chrono Boost)  
  107  5:14  Probe x2 (Chrono Boost), Gateway  
  123  5:15  Probe (Chrono Boost), Gateway x2  
  123  5:16  Probe  
  123  5:17  Probe  
  123  5:20  Pylon  
  123  5:21  Pylon x2  
  125  5:23  Probe x2  
  125  5:25  Probe (Chrono Boost)  
  125  5:26  Probe (Chrono Boost)  
  130  5:30  Probe (Chrono Boost)  
  130  5:32  Probe (Chrono Boost), Zealot  
  130  5:33  Zealot x3  
  130  5:34  Zealot x2  
  130  5:35  Zealot  
  146  5:36  Zealot x3  
  146  5:39  Probe (Chrono Boost)  
  146  5:41  Pylon  
  146  5:42  Probe (Chrono Boost)  
  159  5:43  Pylon x2, Probe (Chrono Boost)  
  159  5:44  Probe x3 (Chrono Boost)  
  159  5:45  Probe (Chrono Boost)  
  159  5:48  Probe (Chrono Boost)  
  161  5:52  Probe (Chrono Boost)  
  161  5:53  Probe (Chrono Boost)  
  161  5:54  Probe x2 (Chrono Boost)  
  161  5:56  Probe x3 (Chrono Boost)  
Tags
 
Add a new tag
Caveats
  • Supply blocks, unpowered buildings, or Contaminate may cause inaccurate times.
  • Supply counts are checked every 10 seconds.